 Dungeon Crawl Stone Soup version 0.27-a0-198-g1307ea1511 (webtiles) character file.

Game seed: 13690929647943197722

2767 Glokmah the Conjurer (level 9, -2/67 HPs)
             Began as a Demonspawn Hedge Wizard on Jan 29, 2021.
             Was a Believer of Sif Muna.
             Slain by an orc warrior
             ... wielding a +0 flail
              (16 damage)
             ... on level 7 of the Dungeon.
             The game lasted 00:22:38 (8875 turns).

Glokmah the Conjurer (Demonspawn Hedge Wizard)      Turns: 8875, Time: 00:22:39

Health: -2/67      AC:  9    Str: 12    XL:     9   Next: 42%
Magic:  25/25      EV: 13    Int: 17    God:    Sif Muna [**....]
Gold:   513        SH:  0    Dex: 13    Spells: 7/18 levels left

rFire    . . .     SeeInvis .   a - +8 rapier (elec)
rCold    . . .     Faith    .   (no shield)
rNeg     . . .     Spirit   .   d - +0 robe
rPois    .         Reflect  .   c - +1 hat
rElec    .         Harm     .   (no cloak)
rCorr    .         Rampage  .   (no gloves)
Will     .....                  l - +2 pair of boots
Stlth    +++.......             (no amulet)
HPRegen  0.21/turn              p - ring of magical power
MPRegen  0.38/turn              v - ring of stealth

@: lethally poisoned (-2 -> -11), very slightly contaminated, slowed, very slow
A: hooves 2, molten scales 2, spiny 2, magic regeneration
a: Renounce Religion, Channel Magic


You were on level 7 of the Dungeon.
You worshipped Sif Muna.
Sif Muna was pleased with you.
You visited 1 branch of the dungeon, and saw 7 of its levels.

You collected 513 gold pieces.

Inventory:

Hand Weapons
 a - a +8 rapier of electrocution (weapon)
 b - a +2 hunting sling of flaming
Missiles
 g - 247 stones
 i - 13 poisoned darts
 m - 64 sling bullets
 F - 2 boomerangs
Armour
 c - a +1 hat (worn)
 d - a +0 robe (worn)
 h - a +0 leather armour
 l - a +2 pair of boots (worn)
Jewellery
 p - a ring of magical power (left hand)
 v - a ring of stealth (right hand)
Wands
 s - a wand of polymorph (19)
 t - a wand of mindburst (15)
 A - a wand of iceblast (13)
 G - a wand of random effects (19)
Scrolls
 e - a scroll of identify
 f - 2 scrolls of amnesia
 k - a scroll of fog
 r - 2 scrolls of remove curse
 u - a scroll of blinking {unknown}
 w - a scroll of immolation
Potions
 j - 3 potions of brilliance
 n - 2 potions of curing
 o - 3 potions of cancellation
 q - 2 potions of attraction
 x - a potion of resistance
 z - a potion of haste
 B - a potion of flight {unknown}
 C - a potion of lignification {unknown}


   Skills:
 + Level 4.8 Fighting
 * Level 3.6 Short Blades
 - Level 2.0 Armour
 - Level 3.0 Dodging
 - Level 1.7 Stealth
 - Level 5.0 Spellcasting
 * Level 7.3 Conjurations
 - Level 3.0 Summonings
 - Level 3.0 Translocations
 - Level 2.0 Fire Magic
 - Level 2.0 Air Magic
 - Level 2.0 Poison Magic


You had 7 spell levels left.
You knew the following spells:

 Your Spells              Type           Power        Failure   Level
a - Magic Dart            Conj           100%         1%          1
b - Call Imp              Summ           14%          6%          2
c - Blink                 Tloc           N/A          6%          2
d - Conjure Flame         Conj/Fire      20%          6%          3
e - Mephitic Cloud        Conj/Pois/Air  17%          9%          3

Your spell library contained the following spells:

 Spells                   Type           Power        Failure   Level
 Slow                     Hex            4%           22%         2


Dungeon Overview and Level Annotations

Branches:
Dungeon (7/15)
 Temple: D:4-7

Altars:
Cheibriados
Hepliaklqana
Nemelex Xobeh
Okawaru
Sif Muna
Uskayaw


Innate Abilities, Weirdness & Mutations

You have hoof-like feet.
You are mostly covered in molten scales. (AC +3)
You are mostly covered in sharp spines.
You regenerate magic rapidly.


Message History

You feel very sick.
You puncture the orc priest!
Lightning courses through the orc priest!
You kill the orc priest!
Sif Muna accepts your kill.
You feel very sick.
The orc warrior hits you with a +0 flail!!
An orc comes into view. It is wielding a +0 club.
You hit the orc warrior.
Lightning courses through the orc warrior!
The orc warrior is heavily wounded.
You feel sick.
The orc warrior hits you with a +0 flail.
* * * LOW HITPOINT WARNING * * *
You puncture the orc warrior!
The orc warrior is almost dead.
You feel sick.
The orc warrior is struck by your spines.
The orc warrior hits you with a +0 flail!
You die...

##. ########## ...
........( #.#
##.......# #####.####
##.@o.....# ##
..>.....)####.#.....o..
..
####...#.....##........
#.
#...........###........
#.
#.##...#####.##....[...
#. ##.##
#.#.####.#..##.####.
#.###.#### #.##
.#.....<.... #...>....#
## #..########
...###....#


You could see an orc warrior and an orc.

Vanquished Creatures
  Pikel (D:7)
  Eustachio (D:6)
  An orc warrior (D:7)
  A sky beast (D:5)
  An ice beast (D:6)
  4 ogres
  2 centaurs (D:5)
  3 lemures (D:7)
  3 bullfrogs
  3 scorpions
  A water moccasin skeleton (D:4)
  5 howler monkeys
  5 hounds (D:4)
  A quasit (D:6)
  A bullfrog zombie (D:6)
  4 orc priests
  A jelly (D:6)
  A centaur skeleton (D:5)
  An iguana (D:6)
  6 orc wizards
  2 worker ants
  A hound skeleton (D:7)
  3 gnolls (D:6)
  2 worker ant zombies
  2 howler monkey skeletons (D:6)
  8 adders
  An ufetubus (D:5)
  An ooze (D:4)
  2 adder skeletons
  2 dart slugs
  2 worms
  5 leopard geckos
  11 orcs
  6 giant cockroaches
  14 goblins
  3 hobgoblins
  2 quokkas
  3 ball pythons
  5 bats
  11 frilled lizards
  11 kobolds
  A leopard gecko skeleton (D:4)
  4 rats
148 creatures vanquished.

Vanquished Creatures (collateral kills)
  A phantom (D:4)
  A howler monkey (D:4)
  An iguana (D:3)
  Robin (D:3)
  An adder (D:7)
  An ufetubus (D:5)
  An ooze (D:5)
  3 orcs
  3 goblins (D:3)
  A hobgoblin (D:3)
  A frilled lizard (D:3)
15 creatures vanquished.

Vanquished Creatures (others)
  5 plants (D:7)
5 creatures vanquished.

Grand Total: 168 creatures vanquished

Notes
Turn   | Place    | Note
-------+----------+-------------------------------------------
     0 | D:1      | Glokmah the Demonspawn Hedge Wizard began the quest for the
                  | Orb.
     0 | D:1      | Reached XP level 1. HP: 13/13 MP: 4/4
   152 | D:1      | Reached skill level 1 in Translocations
   451 | D:1      | Gained mutation: You have large cloven feet. [demonic
                  | ancestry]
   451 | D:1      | Reached XP level 2. HP: 20/20 MP: 6/6
  1046 | D:1      | Reached XP level 3. HP: 25/25 MP: 7/7
  1128 | D:1      | You fall into a shaft and drop 1 floor!
  1378 | D:2      | Learned a level 2 spell: Call Imp
  1560 | D:2      | Found a sparkling altar of Nemelex Xobeh.
  2504 | D:3      | Reached skill level 1 in Armour
  2515 | D:3      | Found a shimmering blue altar of Sif Muna.
  2521 | D:3      | Reached skill level 1 in Fighting
  2524 | D:3      | Found a hide-covered altar of Uskayaw.
  2526 | D:3      | Found a hazy altar of Hepliaklqana.
  2537 | D:3      | Became a worshipper of Sif Muna the Loreminder
  2631 | D:3      | Reached skill level 2 in Conjurations
  2672 | D:3      | Noticed Robin
  2686 | D:3      | Gained mutation: You regenerate magic rapidly. [demonic
                  | ancestry]
  2686 | D:3      | Reached XP level 4. HP: 28/32 MP: 3/8
  2691 | D:3      | Killed Robin
  2779 | D:3      | Learned a level 2 spell: Blink
  4420 | D:4      | Gained mutation: You are partially covered in molten
                  | scales. (AC +2) [demonic ancestry]
  4420 | D:4      | Reached XP level 5. HP: 7/37 MP: 10/10
  4849 | D:4      | Noticed an ogre
  4870 | D:4      | Reached skill level 3 in Conjurations
  4870 | D:4      | Gained mutation: You have hoof-like feet. [demonic
                  | ancestry]
  4870 | D:4      | Reached XP level 6. HP: 20/44 MP: 11/11
  5158 | D:4      | Reached * piety under Sif Muna
  5715 | D:4      | Found a snail-covered altar of Cheibriados.
  5770 | D:4      | Reached skill level 4 in Conjurations
  5770 | D:4      | Gained mutation: You are partially covered in sharp spines.
                  | [demonic ancestry]
  5770 | D:4      | Reached XP level 7. HP: 51/51 MP: 12/12
  5799 | D:4      | Learned a level 3 spell: Conjure Flame
  5803 | D:4      | Learned a level 3 spell: Mephitic Cloud
  5967 | D:5      | Entered Level 5 of the Dungeon
  6928 | D:5      | Reached skill level 5 in Conjurations
  7136 | D:6      | Gained mutation: You are mostly covered in molten scales.
                  | (AC +3) [demonic ancestry]
  7136 | D:6      | Reached XP level 8. HP: 58/58 MP: 14/14
  7162 | D:6      | Reached ** piety under Sif Muna
  7493 | D:6      | Reached skill level 1 in Poison Magic
  7524 | D:6      | Noticed Eustachio
  7544 | D:6      | Reached skill level 1 in Fire Magic
  7544 | D:6      | Reached skill level 1 in Air Magic
  7564 | D:6      | Killed Eustachio
  7741 | D:6      | Reached skill level 6 in Conjurations
  7805 | D:6      | Reached skill level 1 in Short Blades
  8121 | D:6      | Found an iron altar of Okawaru.
  8384 | D:7      | Reached skill level 5 in Spellcasting
  8384 | D:7      | Gained mutation: You are mostly covered in sharp spines.
                  | [demonic ancestry]
  8384 | D:7      | Reached XP level 9. HP: 40/65 MP: 16/16
  8760 | D:7      | Noticed Pikel
  8772 | D:7      | Killed Pikel
  8773 | D:7      | Reached skill level 7 in Conjurations
  8875 | D:7      | Slain by an orc warrior

Illustrated notes

Levels and vault maps discovered:
D:1:      scummos_arrival_checkerplants, layout_loops_ring,
          chequers_serial_rivers_large_b, grunt_decor_fettered,
          minmay_lizard_pond
D:2:      layout_loops_ring, nemelex_xobeh_ov_fountains_minmay
D:3:      layout_basic, lemuel_crystal_altar, nicolae_overflow_hidden_temple,
          uniq_robin
D:4:      minmay_chambers_of_fours, layout_basic, kennysheep_slug_shrine,
          kennysheep_generic_room_10
D:5:      layout_basic, serial_curves, eino_curves_04, eino_curves_01,
          eino_curves_04, minmay_diced_spiral
D:6:      layout_basic, general_overflow_altar, uniq_eustachio
D:7:      kennysheep_spiral_hall, layout_loops_ring,
          minmay_temple_entry_overgrown, gammafunk_ghost_nasty_kobolds,
          uniq_pikel, uniq_crazy_yiuf_cottage

Skill      XL: |  1  2  3  4  5  6  7  8  9 |
---------------+----------------------------+-----
Translocations | 1 2 3 |  3.0
Dodging        | 2 3 |  3.0
Armour         | 1 2 |  2.0
Fighting       | 1 2 3 4 |  4.8
Conjurations   | 2 3 4 5 6 7 |  7.3
Summonings     | 2 3 |  3.0
Spellcasting   | 4 5 |  5.0
Poison Magic   | 2 |  2.0
Fire Magic     | 2 |  2.0
Air Magic      | 2 |  2.0
Short Blades   | 2 3 |  3.6
Stealth        | |  1.7

Action                   |  1- 3 |  4- 6 |  7- 9 || total
-------------------------+-------+-------+-------++-------
Melee: Dagger            |     4 |       |       ||     4
       Hand axe          |       |    70 |    30 ||   100
       Rapier            |       |       |    70 ||    70
 Fire: Hunting sling     |    40 |     1 |       ||    41
 Cast: Magic Dart        |    89 |   112 |   116 ||   317
       Call Imp          |     3 |    29 |    16 ||    48
       Mephitic Cloud    |       |       |     3 ||     3
  Use: Scroll            |     8 |       |     8 ||    16
 Stab: Sleeping          |       |     2 |     7 ||     9
       Distracted        |       |     2 |       ||     2
       Confused          |       |       |     1 ||     1
Armor: Robe              |    12 |    24 |    49 ||    85
Dodge: Dodged            |    33 |    84 |    86 ||   203

Table legend: (Time is in decaauts)
 A = Elapsed time spent in this place.
 B = Non-inter-level travel time spent in this place.
 C = Inter-level travel time spent in this place.
 D = Time resting spent in this place.
 E = Time spent auto-exploring this place.
 F = Levels seen in this place.
 G = Mean time per level.
                   A        B        C        D        E       F      G
               +--------+--------+--------+--------+--------+-----+--------+
         Total |   8956 |   8256 |    700 |   2270 |   4166 |   7 | 1279.4 |
       Dungeon |   8956 |   8256 |    700 |   2270 |   4166 |   7 | 1279.4 |
               +--------+--------+--------+--------+--------+-----+--------+

Top non-repeatable levels by time:
     D:4: 2095 daAuts
     D:3: 1584 daAuts
     D:1: 1308 daAuts
     D:2: 1195 daAuts
     D:6: 1170 daAuts
     D:5: 1017 daAuts
     D:7: 585 daAuts
